 Dungeon Crawl Stone Soup version 0.32-a0-132-g2d33c3cfaf (webtiles) character file.

Game seed: 1389713863133682026

5101 Newt the Covert (level 10, 0/76 HPs)
             Began as a Merfolk Gladiator on Feb 9, 2024.
             Was a Believer of Hepliaklqana.
             Succumbed to a killer bee's poison
             ... on level 8 of the Dungeon.
             The game lasted 00:10:49 (9461 turns).

Newt the Covert (Merfolk Gladiator)                 Turns: 9461, Time: 00:10:50

Health: 0/76       AC:  6    Str: 25    XL:     10   Next: 57%
Magic:  10/10      EV: 16    Int:  8    God:    Hepliaklqana [**....]
Gold:   565        SH:  5    Dex: 15    Spells: 9/9 levels left

rFire   + . .        l - +1 spear (venom)
rCold   + . .        (no shield)
rNeg    . . .        F - +0 steam dragon scales
rPois   .            c - +0 helmet
rElec   .            I - scarf {rC+ rF+}
rCorr   .            (no gloves)
SInv    .            (no boots)
Will    ++...        y - amulet of reflection
Stlth   ++++         v - ring of wizardry
HPRegen 0.32/turn    K - ring "Xipagywn" {Will++ Str+6}
MPRegen 0.12/turn

%: reflection, wizardry (x1)
@: lethally poisoned (0 -> -3)
A: reduced essence, (nimble swimmer 2), mertail
a: Renounce Religion, Recall Ancestor, Ancestor Identity


You were on level 8 of the Dungeon.
You worshipped Hepliaklqana.
Hepliaklqana was pleased with you.
You visited 2 branches of the dungeon, and saw 10 of its levels.

You collected 565 gold pieces.

Inventory:

Hand Weapons
 a - a +0 trident
 e - a +0 sling
 h - a +2 vampiric trident
 l - a +1 spear of venom (weapon)
Missiles
 d - a throwing net (quivered)
 j - 45 poisoned darts
 B - a javelin
Armour
 b - a +0 leather armour
 c - a +0 helmet (worn)
 g - a +1 cloak
 F - +0 steam dragon scales (worn)
 I - a scarf of resistance (worn)
Jewellery
 v - a ring of wizardry (left hand)
 w - an amulet of the acrobat
 y - an amulet of reflection (around neck)
 K - the ring "Xipagywn" (right hand) {Will++ Str+6}
   (You found it on level 8 of the Dungeon)

   [ring of strength]

   Str+6:     It affects your strength (+6).
   Will++:    It greatly increases your willpower.
 L - a ring of fire
Wands
 i - a wand of mindburst (7)
 m - a wand of polymorph (2)
 G - a wand of flame (41)
 N - a wand of digging (3)
Scrolls
 o - 4 scrolls of fear
 p - a scroll of amnesia
 q - 3 scrolls of noise
 s - 3 scrolls of enchant armour
 u - a scroll of poison
 z - 3 scrolls of identify
 C - 2 scrolls of revelation
 D - a scroll of immolation
 H - a scroll of fog
 J - 2 scrolls of teleportation
Potions
 f - 3 potions of resistance
 k - 5 potions of attraction
 r - a potion of might
 t - 4 potions of curing
 x - 2 potions of enlightenment {unknown}
 A - a potion of brilliance
 E - a potion of invisibility
 M - 2 potions of heal wounds
 O - 2 potions of ambrosia {unknown}


   Skills:
 + Level 10.0 Fighting
 * Level 9.5 Polearms
 - Level 2.0 Throwing
 - Level 9.3 Dodging
 - Level 10.0 Stealth


You had 9 spell levels left.
You didn't know any spells.
Your spell library contained the following spells:

 Spells                   Type           Power      Damage    Failure   Level
 Apportation              Tloc           0%         N/A       17%         1
 Ensorcelled Hibernation  Hex/Ice        0%         N/A       26%         2
 Jinxbite                 Hex            0%         N/A       26%         2
 Call Canine Familiar     Summ           0%         N/A       45%         3
 Gell's Gravitas          Tloc           0%         N/A       45%         3
 Inner Flame              Hex/Fire       0%         N/A       45%         3
 Ozocubu's Armour         Ice            0%         N/A       45%         3
 Passwall                 Erth           0%         N/A       45%         3
 Sigil of Binding         Hex            0%         N/A       45%         3
 Summon Ice Beast         Ice/Summ       0%         N/A       45%         3
 Swiftness                Air            0%         N/A       45%         3
 Teleport Other           Tloc           0%         N/A       45%         3
 Volatile Blastmotes      Fire/Tloc      0%         2d10      45%         3
 Dimensional Bullseye     Hex/Tloc       0%         N/A       83%         4
 Fulminant Prism          Conj/Alch      0%         3d5       83%         4
 Iskenderun's Mystic Bla  Conj/Tloc      0%         2d3       83%         4
 Alistair's Intoxication  Alch           0%         N/A       99%         5
 Irradiate                Conj/Alch      0%         3d11      99%         5
 Metabolic Englaciation   Hex/Ice        0%         N/A       99%         5
 Summon Mana Viper        Hex/Summ       0%         N/A       99%         5
 Dispersal                Tloc           0%         N/A       100%        6
 Sculpt Simulacrum        Ice/Alch       0%         N/A       100%        6
 Monstrous Menagerie      Summ           0%         N/A       100%        7
 Ignition                 Fire           0%         3d3       100%        8


Dungeon Overview and Level Annotations

Branches:
Dungeon (9/15)             Temple (1/1) D:4
   Lair: D:8-11         Orc: D:9-12

Altars:
Ashenzari
Cheibriados
Dithmenos
Elyvilon
Fedhas
Gozag
Hepliaklqana
Kikubaaqudgha
Makhleb
Nemelex Xobeh
Okawaru
Qazlal
Ru
Sif Muna
Trog
Uskayaw
Vehumet
Wu Jian
Xom
Yredelemnul
Zin
The Shining One

Shops:
D:6 *

Annotations:
D:4 2 transporters
D:8 3 runed translucent doors, Newt's ghost, novice BaFi


Innate Abilities, Weirdness & Mutations

Your life essence is reduced to manifest your ancestor. (-10% HP)
((You are very nimble when in or above water. (Stealth+, EV+, Speed+++)))
Your lower body shifts to a powerful aquatic tail in water.


Message History

The shadow attacks as it pursues you! The shadow hits you.
The shadow slips into darkness.
The shadow flickers and vanishes!
Deactivating autopickup; reactivate with Ctrl-A.
The centaur warrior shoots an arrow.
The arrow hits you!
You see here a +2 whip of holy wrath.
You block the killer bee's attack.
The shadow strikes at you from the darkness!
Reactivating autopickup.
The killer bee attacks as it pursues you!
You block the killer bee's attack. The killer bee stings you!
* * * LOW HITPOINT WARNING * * *
You are poisoned.
The killer bee poisons you!
Unknown command.
You feel sick.
The killer bee attacks as it pursues you!
The killer bee stings you.
* * * LOW HITPOINT WARNING * * *
The killer bee barely misses you. x2
Things that are here:
2 stones; a +0 whip; a kobold skeleton Blink to where?
Press: ? - help, Dir - move target
As you read the scroll of blinking, it crumbles to dust.
You feel sick.
The centaur warrior shoots an arrow.
The arrow barely misses you. You block the killer bee's attack.
You feel sick. The killer bee completely misses you. The killer bee stings you.
* * * LOW HITPOINT WARNING * * *
The shadow slips into darkness.
The shadow flickers and vanishes!
Deactivating autopickup; reactivate with Ctrl-A.
The killer bee stings you.
* * * LOW HITPOINT WARNING * * *
The killer bee misses you.
You climb upwards.
Level annotation: 3 runed translucent doors, Newt's ghost, novice BaFi Reactivating autopickup.
You die...
Hepliaklqana delivers you to your ancestors.

# ##.............# ##
#..............# .##
##..............# ..##
#...............# #..##
##.......[......#
##..## #......).......#
##..# #..............#
##...###........).....#
#......)........@[....#
))###....#.....y.y....#
### ##...#............#
#...##...........#
##..###..........##
#..###...........# #..#
##..........# ##..#
#.#.......## # ##..##
#.###.....#


You could see 2 killer bees.

Vanquished Creatures
  A centaur warrior (D:9)
  Maurice (D:7)
  Maggie (D:7)
  A kobold demonologist (D:9)
  Jeremiah (D:6)
  A hornet (D:7)
  A wyvern (D:7)
  An acid dragon (D:9)
  Edmund (D:6)
  A water moccasin (D:7)
  An orc warrior (D:8)
  3 ice beasts (D:7)
  2 phantoms
  3 kobold brigands
  A gnoll sergeant (D:8)
  Blork the orc (D:5)
  3 wights (D:8)
  A vampire bat (D:3)
  A howler monkey (D:7)
  A bombardier beetle (D:5)
  A gnoll bouda (D:8)
  3 hounds
  2 orc priests
  A jelly (D:6)
  An iguana (D:5)
  2 sleepcaps
  4 orc wizards
  Robin (D:2)
  3 adders
  4 gnolls
  2 white imps
  2 dart slugs
  A ribbon worm (D:2)
  11 orcs
  5 bat skeletons (D:3)
  A bat zombie (D:3)
  10 endoplasms
  3 giant cockroaches
  11 goblins
  11 hobgoblins
  4 quokkas
  4 ball pythons
  7 bats
  7 frilled lizards
  9 kobolds
  6 rats
143 creatures vanquished.

Vanquished Creatures (collateral kills)
  A wyvern (D:8)
  2 sky beasts
  An orc warrior (D:9)
  A centaur (D:8)
  A bullfrog (D:8)
  5 wights (D:8)
  A killer bee (D:9)
  2 howler monkeys (D:7)
  A jelly (D:8)
  4 gnolls
  2 orcs (D:8)
  3 kobolds (D:9)
24 creatures vanquished.

Vanquished Creatures (others)
  A knight (D:9)
  4 ancestors
5 creatures vanquished.

Grand Total: 172 creatures vanquished

Notes
Turn   | Place    | Note
-------+----------+-------------------------------------------
     0 | D:1      | Newt the Merfolk Gladiator began the quest for the Orb.
     0 | D:1      | Reached XP level 1. HP: 16/16 MP: 1/1
   176 | D:1      | Reached XP level 2. HP: 23/23 MP: 2/2
   304 | D:1      | Found a faded altar of an unknown god.
   567 | D:1      | Reached skill level 5 in Polearms
   797 | D:2      | Reached XP level 3. HP: 28/28 MP: 3/3
  1138 | D:2      | Identified the +1 whip of the Sneaky Lovers {venom, Str+3
                  | SInv}
  1191 | D:2      | Noticed Robin
  1272 | D:2      | Reached XP level 4. HP: 12/35 MP: 4/4
  1278 | D:2      | Killed Robin
  2172 | D:3      | Found a shimmering altar of Xom.
  2327 | D:3      | Found a basalt altar of Yredelemnul.
  2387 | D:3      | Found a white marble altar of Elyvilon.
  2518 | D:3      | Found an ancient bone altar of Kikubaaqudgha.
  2539 | D:3      | Reached XP level 5. HP: 42/42 MP: 5/5
  2875 | D:4      | Found a transporter.
  2881 | D:4      | Noticed an ice beast
  2881 | D:4      | Noticed an ice beast
  2881 | D:4      | Noticed an ice beast
  2923 | D:4      | Reached skill level 5 in Dodging
  3067 | D:4      | Noticed a phantom
  3077 | D:4      | Killed a phantom
  3078 | D:4      | Reached XP level 6. HP: 41/48 MP: 6/6
  3205 | D:4      | Found a transporter.
  3328 | D:4      | Found a staircase to the Ecumenical Temple.
  3345 | Temple   | Entered the Ecumenical Temple
  3353 | Temple   | Became a worshipper of Hepliaklqana the Forgotten
  3524 | D:5      | Entered Level 5 of the Dungeon
  4058 | D:5      | Reached * piety under Hepliaklqana
  4105 | D:5      | Noticed Blork the orc
  4123 | D:5      | Killed Blork the orc
  4124 | D:5      | Reached skill level 5 in Fighting
  4124 | D:5      | Reached XP level 7. HP: 31/50 MP: 7/7
  4192 | D:5      | Found a shimmering blue altar of Sif Muna.
  4795 | D:6      | Found Nierimam's Fire Supplies.
  4818 | D:6      | Noticed Edmund
  4829 | D:6      | Killed Edmund
  4904 | D:6      | Noticed Jeremiah
  5045 | D:6      | Killed Jeremiah
  5046 | D:6      | Reached XP level 8. HP: 19/57 MP: 8/8
  5282 | D:6      | Found an opulent altar of Gozag.
  5589 | D:6      | Found a blossoming altar of Fedhas.
  5631 | D:7      | Reached skill level 1 in Stealth
  5760 | D:7      | Noticed Maggie
  5782 | D:7      | Killed Maggie
  5929 | D:7      | Noticed a hornet
  5930 | D:7      | Paralysed by a hornet for 1 turns
  5937 | D:7      | Paralysed by a hornet for 2 turns
  5952 | D:7      | Paralysed by a hornet for 1 turns
  5957 | D:7      | Killed a hornet
  5958 | D:7      | Reached skill level 5 in Stealth
  6265 | D:7      | Reached XP level 9. HP: 64/64 MP: 9/9
  6726 | D:7      | Reached ** piety under Hepliaklqana
  6727 | D:7      | Remembered your ancestor Henutemipet as a knight
  6796 | D:7      | Noticed Maurice
  6820 | D:7      | Something stole an amulet of the acrobat
  6821 | D:7      | Something stole a throwing net
  6823 | D:7      | Something stole a +0 sling
  6824 | D:7      | Killed Maurice
  7212 | D:8      | Found a runed translucent gate.
  7212 | D:8      | Found a runed translucent gate.
  7221 | D:8      | Found a runed translucent gate.
  7222 | D:8      | Noticed a spectral unseen horror
  7232 | D:8      | Noticed Newt's ghost (novice BaFi)
  7508 | D:8      | Identified the ring "Xipagywn" {Will++ Str+6}
  7590 | D:8      | HP: 3/67 [gnoll sergeant/+0 spear (9)]
  7995 | D:8      | Found a hide-covered altar of Uskayaw.
  8088 | D:8      | Reached skill level 10 in Stealth
  8088 | D:8      | Reached XP level 10. HP: 73/74 MP: 10/10
  8921 | D:9      | Noticed a kobold demonologist
  9106 | D:9      | Noticed a sixfirhy
  9324 | D:9      | Killed a kobold demonologist
  9401 | D:9      | Noticed a purple ugly thing
  9424 | D:9      | Noticed a centaur warrior
  9427 | D:9      | Noticed a centaur warrior
  9437 | D:9      | Noticed a cyclops
  9439 | D:9      | Killed a centaur warrior
  9440 | D:9      | Reached skill level 10 in Fighting
  9460 | D:9      | HP: 2/76 [killer bee (6)]
  9461 | D:8      | Succumbed to a killer bee's poison

Illustrated notes

Levels and vault maps discovered:
D:1:      minmay_arrival_four_houses, layout_basic,
          shapermc_ecumenical_altar_notcrosses, nicolae_houndstooth_variations
D:2:      cheibrodos_helix_gallery, layout_basic, st_stairs_4,
          minmay_misc_feat_plants, uniq_robin
D:3:      layout_rooms, kennysheep_ying_yang, pf_just_have_faith,
          kennysheep_vampire_church, grunt_decor_clamped, minivault_26
D:4:      gammafunk_cloud_chamber, layout_basic,
          minmay_temple_entry_antechambers
D:5:      layout_basic, tgw_sif
D:6:      layout_loops_ring, kennysheep_little_box,
          mainiacjoe_overflow_alcove_2, nicolae_shop_fire_sale
          [nicolae_sub_dead_trees], uniq_edmund, uniq_jeremiah
D:7:      layout_loops_corners, uniq_maggie, uniq_maurice
D:8:      layout_layer_cave, general_overflow_altar, gammafunk_ghost_necromancy,
          st_stairs_10, due_unseen_surprise
D:9:      layout_stronghold, orc_0_dummy, minmay_pinched_square
Temple:   dpeg_chambers_temple

Skill      XL: |  1  2  3  4  5  6  7  8  9 10 |
---------------+-------------------------------+-----
Polearms       | 5 6 9 |  9.5
Fighting       | 3 4 5 6 7 9 10 | 10.0
Dodging        | 5 7 9 |  9.3
Stealth        | 6 10 | 10.0
Throwing       | |  2.0

Action                     |  1- 3 |  4- 6 |  7- 9 | 10-12 || total
---------------------------+-------+-------+-------+-------++-------
  Melee: Trident           |   108 |   180 |   251 |       ||   539
         Punch             |     1 |     5 |    13 |     5 ||    24
         Spear             |       |       |     6 |   104 ||   110
  Throw: Javelin           |     1 |       |     1 |       ||     2
         Throwing net      |       |     1 |     9 |       ||    10
 Invoke: Recall Ancestor   |       |       |     1 |     2 ||     3
         Ancestor Life: Kn |       |       |     1 |       ||     1
  Evoke: Wand              |       |       |     3 |       ||     3
    Use: Scroll            |     5 |     7 |     5 |     1 ||    18
         Potion            |       |     2 |     5 |       ||     7
   Stab: Sleeping          |     2 |     3 |     7 |     1 ||    13
         Distracted        |     1 |       |       |     1 ||     2
         Held in net/web   |       |       |     4 |       ||     4
 Armour: Leather armour    |    63 |    71 |    18 |       ||   152
         Steam dragon scal |       |       |    62 |    46 ||   108
         Skin              |       |       |     3 |       ||     3
  Dodge: Dodged            |    74 |    87 |    85 |    50 ||   296
  Block: Other             |       |       |    33 |    14 ||    47

Table legend: (Time is in decaauts)
 A = Elapsed time spent in this place.
 B = Non-inter-level travel time spent in this place.
 C = Inter-level travel time spent in this place.
 D = Time resting spent in this place.
 E = Time spent auto-exploring this place.
 F = Levels seen in this place.
 G = Mean time per level.
                   A        B        C        D        E       F      G
               +--------+--------+--------+--------+--------+-----+--------+
         Total |   9429 |   9073 |    356 |   1447 |   6096 |  10 |  942.9 |
       Dungeon |   9412 |   9071 |    341 |   1447 |   6096 |   9 | 1045.8 |
        Temple |     16 |      1 |     15 |      0 |      0 |   1 |   16.0 |
               +--------+--------+--------+--------+--------+-----+--------+

Top non-repeatable levels by time:
     D:8: 2021 daAuts
     D:7: 1530 daAuts
     D:2: 1306 daAuts
     D:5: 1106 daAuts
     D:6: 984 daAuts
     D:1: 789 daAuts
     D:4: 729 daAuts
     D:3: 682 daAuts
     D:9: 261 daAuts
  Temple: 16 daAuts
